Login

Hershey Bears vs Hartford Wolf Pack

Created - 02 May 2024 at 23:08

Goals
1 2 3 T
Hershey Bears 1 2 1 4
Hartford Wolf Pack 1 4 0 5
Shots
1 2 3 T
Hershey Bears 5 15 13 33
Hartford Wolf Pack 5 15 5 25

GoalsPenalties
1st period
1. Hartford Wolf Pack , Lauri Pajuniemi 8 (Mac Hollowell 14, Turner Elson 14) at 4:15 (PP)
2. Hershey Bears , Connor McMichael 9 (Alex Limoges 8, Vincent Iorio 12) at 6:24 (PP)
CJ Suess (HER) for Slashing (Minor) at 4:11
Ryan Jones (HAR) for Hooking (Minor) at 5:00
CJ Suess (HER) for Interference (Minor) at 10:48
Evan Polei (HER) for Slashing (Minor) at 14:07
Dylan McIlrath (HER) for Hooking (Minor) at 19:52
2nd period
3. Hartford Wolf Pack , Lauri Pajuniemi 9 (Turner Elson 15, Jake Leschyshyn 19) at 0:30 (PP)
4. Hershey Bears , Joe Snively 12 (Matthew Phillips 16) at 3:59
5. Hartford Wolf Pack , Turner Elson 2 (Mac Hollowell 15, Jake Leschyshyn 20) at 5:11 (PP)
6. Hartford Wolf Pack , Riley Nash 16 (Mac Hollowell 16, Bobby Trivigno 12) at 6:54 (PP)
7. Hartford Wolf Pack , Turner Elson 3 (Karl Henriksson 4, Lauri Pajuniemi 8) at 13:01
8. Hershey Bears , Matthew Phillips 20 (Joe Snively 24) at 15:15
Dylan McIlrath (HER) for Delaying the game (Minor) at 4:16
Nicolas Aube-Kubel (HER) for Hooking (Minor) at 6:23
Will Cuylle (HAR) for Holding (Minor) at 8:55
3rd period
9. Hershey Bears , Adam Cracknell 7 (Ivan Chukarov 2, Matthew Phillips 17) at 10:52
CJ Suess (HER) for Tripping (Minor) at 12:02
Goalie Stats
Jon Gillies (HER), 9 saves from 10 shots - (0.900), L, 9-5-0, 32:22 minutes
Hunter Shepard (HER), 11 saves from 15 shots - (0.733), 26:54 minutes
Louis Domingue (HAR), 29 saves from 33 shots - (0.879), W, 12-7-2, 60:00 minutes
3 StarsOfficial
1 - Turner Elson (HAR)
2 - Lauri Pajuniemi (HAR)
3 - Matthew Phillips (HER)
Referees : Eric Furlatt and Brian Pochmara
Linesman : Matt Brady and Matt MacPherson
Game Note
Matthew Robertson is injured at 1:59 of 1st period (Right Leg)
6:54 of 2nd period - Hartford Wolf Pack goal is going for a video replay. After video review, Goal.
Jon Gillies enters game at 6:54 of 2nd period
Finance
Level 1 -- Attendance: 2000 (100.00%) -- Ticket Income $70,000
Level 2 -- Attendance: 939 (93.90%) -- Ticket Income $14,085
Total Attendance: 2939 (97.97%)
Total Ticket Income: $84,085
Other Income: $41,202
Total Income: $125,287



Team Name Goals Shots Shots Attemp Shots Blocked PIM HIT PP PK FO%
Hershey Bears 433661114231 / 2 (50%)449%
Hartford Wolf Pack 52552154314 / 7 (57%)151%

Hershey Bears
Player Name POS G A P +/- PIM HIT SHT SB MP PP MP PP SHT PK MP PK SHT FO% FOT GA TA
Adam CracknellLW1012042018:322:1203:0010% 201
Alex LimogesLW0110010014:381:1100:1100% 100
Chase PriskieD0001001115:170:0000:0000% 000
CJ SuessLW0000613013:590:0000:00033% 300
Connor McMichaelC1010011219:081:1114:57061% 2301
Daniil ZhuravlyovD0001000016:140:0202:2100% 000
Dylan McIlrathD0000451026:543:2104:1100% 032
Ethen FrankRW0000004115:181:1100:0000% 200
Evan PoleiLW000021008:170:0000:0000% 000
Henrik BorgstromC0000042115:590:0001:57036% 1100
Ivan ChukarovD0111001016:500:0001:3300% 000
Joe SnivelyC1122006115:242:1210:00067% 1231
Kristians RubinsD0001030016:140:0202:2100% 010
Matthew PhillipsRW1232003215:242:1200:0000% 100
Michael SgarbossaC000000319:550:0001:37050% 800
Nicolas Aube-KubelRW0000223017:140:0004:28050% 211
Pierrick DubeRW000000108:020:0000:0000% 000
Vincent IorioD0110012228:293:2105:4400% 011
Hartford Wolf Pack
Player Name POS G A P +/- PIM HIT SHT SB MP PP MP PP SHT PK MP PK SHT FO% FOT GA TA
Adam EdstromC000002003:410:1200:2200% 000
Adam SykoraRW000000001:400:0300:0000% 000
Anton BlidhLW000-1032120:422:5001:2300% 110
Bobby TrivignoC011-1000016:542:5000:00045% 1100
Braden SchneiderD000-2020117:070:1200:0000% 011
Brandon ScanlinD000000002:370:1200:0000% 000
Connor MackeyD0001031122:261:3000:4000% 020
Jake LeschyshynC022-1052124:455:0302:00061% 3101
Karl HenrikssonC0110000111:410:0000:00040% 500
Lauri PajuniemiLW2130024120:035:0332:0000% 100
Mac HollowellD0331033132:315:4002:4300% 021
Matt RempeC000-1012017:010:0000:00075% 400
Matthew RobertsonD000000010:250:0000:0000% 000
Nikolas BrouillardD000-1011120:315:4702:4300% 002
Riley NashRW101-1026222:012:5920:0000% 310
Ryan JonesD000-3210124:222:4900:4000% 002
Turner ElsonLW2240024118:135:0311:01044% 901
Will CuylleLW000-1240219:550:1200:0000% 001

Hershey Bears

5 vs 5 Forward
Line #Left WingCenterRight WingPHYDFOFWanted %Time %Time Play
1Adam CracknellJoe SnivelyMatthew Phillips1223027%12:53
2Alex LimogesConnor McMichaelNicolas Aube-Kubel1223027%13:05
3CJ SuessHenrik BorgstromEthen Frank1223029%13:54
4Evan PoleiMichael SgarbossaPierrick Dube1221017%8:02
5 vs 5 Defense
Line #DefenseDefensePHYDFOFWanted %Time %Time Play
1Dylan McIlrathVincent Iorio1224041%19:24
2Daniil ZhuravlyovKristians Rubins1223029%13:51
3Chase PriskieIvan Chukarov1223031%14:39
4Dylan McIlrathVincent Iorio12200%0:00
Power Play Forward
Line #Left WingCenterRight WingPHYDFOFWanted %Time %Time Play
1Adam CracknellJoe SnivelyMatthew Phillips1226065%2:12
2Alex LimogesConnor McMichaelEthen Frank1224035%1:11
Power Play Defense
Line #DefenseDefensePHYDFOFWanted %Time %Time Play
1Dylan McIlrathVincent Iorio1226099%3:21
2Daniil ZhuravlyovKristians Rubins122401%0:02
Penalty Kill 4 Players Forward
Line #CenterWingPHYDFOFWanted %Time %Time Play
1Connor McMichaelNicolas Aube-Kubel1226077%6:12
2Henrik BorgstromAdam Cracknell1224023%1:53
Penalty Kill 4 Players Defense
Line #DefenseDefensePHYDFOFWanted %Time %Time Play
1Dylan McIlrathVincent Iorio1226071%5:44
2Daniil ZhuravlyovKristians Rubins1224029%2:21
Penalty Kill 3 Players
Line #WingPHYDFOFWanted %Time %Time PlayDefenseDefensePHYDFOFWanted %Time %Time Play
1Nicolas Aube-Kubel122600%0:00 Dylan McIlrathVincent Iorio122600%0:00
2Henrik Borgstrom122400%0:00 Daniil ZhuravlyovKristians Rubins122400%0:00
4 vs 4 Forward
Line #CenterWingPHYDFOFWanted %Time %Time Play
1Joe SnivelyMatthew Phillips122600%0:00
2Connor McMichaelAdam Cracknell122400%0:00
4 vs 4 Defense
Line #DefensePHYDFOFWanted %Time %Time Play
1Dylan McIlrathVincent Iorio122600%0:00
2Daniil ZhuravlyovKristians Rubins122400%0:00
Last Minutes Offensive
Left WingCenterRight WingDefenseDefense
Adam CracknellJoe SnivelyMatthew PhillipsDylan McIlrathVincent Iorio
Last Minutes Defensive
Left WingCenterRight WingDefenseDefense
Adam CracknellJoe SnivelyNicolas Aube-KubelDylan McIlrathVincent Iorio
Time
Total ForwardTotal DefenseLast Minutes OffensiveLast Minutes Defensive
60:00 60:00 0:380:00
Extra Forwards
Normal PowerPlayPenalty Kill
Nicolas Aube-Kubel, Henrik Borgstrom, Michael SgarbossaNicolas Aube-Kubel, Henrik BorgstromMichael Sgarbossa
Extra Defensemen
Normal PowerPlayPenalty Kill
Chase Priskie, Ivan Chukarov, Daniil ZhuravlyovChase Priskie, Ivan ChukarovDaniil Zhuravlyov
Penalty Shots
Joe Snively, Matthew Phillips, Connor McMichael, Adam Cracknell, Henrik Borgstrom
Goalie
Hunter Shepard, Jon Gillies
Custom OT Lines Forwards
Joe Snively, Matthew Phillips, Connor McMichael, Nicolas Aube-Kubel, Adam Cracknell, Henrik Borgstrom, Alex Limoges, Michael Sgarbossa, CJ Suess, Ethen Frank
Custom OT Lines Defensemen
Dylan McIlrath, Vincent Iorio, Daniil Zhuravlyov, Kristians Rubins, Chase Priskie
Scratches
Billy Constantinou (Healthy), Pavel Gogolev (Healthy), Lucas Johansen (Healthy), Patrick Khodorenko (Healthy), Hendrix Lapierre (Healthy) Justin Nachbaur (Healthy), Henrik Rybinski (Healthy), Zach Senyshyn (Healthy), Riley Sutter (Healthy), Bogdan Trineyev (Healthy) Kirill Tyutyayev (Healthy), Clay Stevenson (Healthy)

Hartford Wolf Pack

5 vs 5 Forward
Line #Left WingCenterRight WingPHYDFOFWanted %Time %Time Play
1Riley NashJake LeschyshynWill Cuylle1224036%17:04
2Anton BlidhBobby TrivignoMatt Rempe1223037%17:48
3Turner ElsonKarl HenrikssonLauri Pajuniemi1222022%10:34
4Lauri PajuniemiMatt RempeAnton Blidh122105%2:28
5 vs 5 Defense
Line #DefenseDefensePHYDFOFWanted %Time %Time Play
1Mac HollowellConnor Mackey1224036%17:26
2Braden SchneiderRyan Jones1223032%15:31
3Matthew RobertsonNikolas Brouillard1222030%14:17
4Mac HollowellConnor Mackey122101%0:40
Power Play Forward
Line #Left WingCenterRight WingPHYDFOFWanted %Time %Time Play
1Lauri PajuniemiTurner ElsonJake Leschyshyn1226063%5:06
2Anton BlidhBobby TrivignoRiley Nash1224037%2:59
Power Play Defense
Line #DefenseDefensePHYDFOFWanted %Time %Time Play
1Matthew RobertsonMac Hollowell1226086%6:58
2Nikolas BrouillardRyan Jones1224014%1:07
Penalty Kill 4 Players Forward
Line #CenterWingPHYDFOFWanted %Time %Time Play
1Jake LeschyshynLauri Pajuniemi1226070%2:22
2Turner ElsonAnton Blidh1224030%1:01
Penalty Kill 4 Players Defense
Line #DefenseDefensePHYDFOFWanted %Time %Time Play
1Nikolas BrouillardMatthew Robertson12260100%3:23
2Mac HollowellRyan Jones122400%0:00
Penalty Kill 3 Players
Line #WingPHYDFOFWanted %Time %Time PlayDefenseDefensePHYDFOFWanted %Time %Time Play
1Anton Blidh122600%0:00 Nikolas BrouillardMatthew Robertson122600%0:00
2Riley Nash122400%0:00 Braden SchneiderRyan Jones122400%0:00
4 vs 4 Forward
Line #CenterWingPHYDFOFWanted %Time %Time Play
1Riley NashTurner Elson122600%0:00
2Jake LeschyshynAnton Blidh122400%0:00
4 vs 4 Defense
Line #DefensePHYDFOFWanted %Time %Time Play
1Matthew RobertsonNikolas Brouillard122600%0:00
2Mac HollowellRyan Jones122400%0:00
Last Minutes Offensive
Left WingCenterRight WingDefenseDefense
Riley NashJake LeschyshynWill CuylleMac HollowellBraden Schneider
Last Minutes Defensive
Left WingCenterRight WingDefenseDefense
Riley NashJake LeschyshynWill CuylleMac HollowellBraden Schneider
Time
Total ForwardTotal DefenseLast Minutes OffensiveLast Minutes Defensive
60:00 60:00 0:000:38
Extra Forwards
Normal PowerPlayPenalty Kill
Adam Edstrom, Turner Elson, Lauri PajuniemiAdam Edstrom, Turner ElsonLauri Pajuniemi
Extra Defensemen
Normal PowerPlayPenalty Kill
Matthew Robertson, Nikolas Brouillard, Ryan JonesMatthew Robertson, Nikolas BrouillardMatthew Robertson
Penalty Shots
Lauri Pajuniemi, Bobby Trivigno, Adam Edstrom, Anton Blidh, Turner Elson
Goalie
Louis Domingue, Dylan Garand
Custom OT Lines Forwards
Will Cuylle, Riley Nash, Jake Leschyshyn, Anton Blidh, Turner Elson, Lauri Pajuniemi, Bobby Trivigno, Karl Henriksson, Matt Rempe, Adam Edstrom
Custom OT Lines Defensemen
Nikolas Brouillard, Mac Hollowell, Braden Schneider, Ryan Jones, Matthew Robertson
Scratches
Brett Berard (Healthy), Jacob Friend (Healthy), Ryder Korczak (Healthy), Olivier LeBlanc (Healthy), Olof Lindbom (Healthy)


Play-by-Play

1st period


0:01 of 1st period - Jake Leschyshyn wins face-off versus Joe Snively in neutral zone.
0:38 of 1st period - Slapshot by Connor Mackey.
0:38 of 1st period - Stopped by Hunter Shepard with a rebound.
1:22 of 1st period - Michael Sgarbossa is hit by Braden Schneider and loses puck.
1:59 of 1st period - Snap shot by Ethen Frank.
1:59 of 1st period - Shot Blocked by Matthew Robertson.
1:59 of 1st period - Matthew Robertson from Hartford Wolf Pack is injured at 1:59 of 1st period (Right Leg).
2:00 of 1st period - Matt Rempe wins face-off versus Connor McMichael in Hartford Wolf Pack zone.
2:00 of 1st period - Matt Rempe is hit by Nicolas Aube-Kubel.
2:08 of 1st period - Snap shot by Anton Blidh.
2:08 of 1st period - Shot Misses the Net.
2:26 of 1st period - Jake Leschyshyn is hit by Henrik Borgstrom and loses puck.
3:10 of 1st period - Anton Blidh is hit by Vincent Iorio and loses puck.
3:53 of 1st period - Snap shot by Joe Snively.
3:53 of 1st period - Stopped by Louis Domingue with a rebound.
4:11 of 1st period - Minor Penalty to CJ Suess for Slashing.
4:12 of 1st period - Turner Elson wins face-off versus Connor McMichael in Hershey Bears zone.
4:13 of 1st period - Slapshot by Mac Hollowell.
4:13 of 1st period - Shot Misses the Net.
4:15 of 1st period - Backhand shot by Lauri Pajuniemi.
4:15 of 1st period - Goal by Lauri Pajuniemi - Hershey Bears : 0 - Hartford Wolf Pack : 1.
4:16 of 1st period - Connor McMichael wins face-off versus Anton Blidh in neutral zone.
4:43 of 1st period - Will Cuylle is hit by Henrik Borgstrom and loses puck.
4:54 of 1st period - Slapshot by Henrik Borgstrom.
4:54 of 1st period - Shot Blocked by Will Cuylle.
5:00 of 1st period - Minor Penalty to Ryan Jones for Hooking.
5:01 of 1st period - Jake Leschyshyn wins face-off versus Adam Cracknell in Hartford Wolf Pack zone.
5:01 of 1st period - Jake Leschyshyn is hit by Dylan McIlrath.
6:24 of 1st period - Snap shot by Connor McMichael.
6:24 of 1st period - Goal by Connor McMichael - Hershey Bears : 1 - Hartford Wolf Pack : 1.
6:25 of 1st period - Bobby Trivigno wins face-off versus Joe Snively in neutral zone.
6:30 of 1st period - Slapshot by Anton Blidh.
6:30 of 1st period - Shot Blocked by Chase Priskie.
6:47 of 1st period - Icing by Bobby Trivigno.
6:48 of 1st period - Bobby Trivigno wins face-off versus Michael Sgarbossa in Hartford Wolf Pack zone.
6:48 of 1st period - Bobby Trivigno is hit by Kristians Rubins.
6:51 of 1st period - Icing by Anton Blidh.
6:52 of 1st period - Jake Leschyshyn wins face-off versus Michael Sgarbossa in Hartford Wolf Pack zone.
8:50 of 1st period - Icing by Jake Leschyshyn.
8:51 of 1st period - Jake Leschyshyn wins face-off versus Henrik Borgstrom in Hartford Wolf Pack zone.
9:04 of 1st period - Wrist shot by CJ Suess.
9:04 of 1st period - Stopped by Louis Domingue with a rebound.
9:06 of 1st period - Snap shot by Ethen Frank.
9:06 of 1st period - Deflect By CJ Suess.
9:06 of 1st period - Shot Misses the Net.
9:06 of 1st period - Puck is out of play.
9:07 of 1st period - Connor McMichael wins face-off versus Bobby Trivigno in Hartford Wolf Pack zone.
9:29 of 1st period - Icing by Vincent Iorio.
9:30 of 1st period - Jake Leschyshyn wins face-off versus Henrik Borgstrom in Hershey Bears zone.
9:41 of 1st period - Wrist shot by Riley Nash.
9:41 of 1st period - Shot Misses the Net.
9:52 of 1st period - Icing by Braden Schneider.
9:53 of 1st period - Matt Rempe wins face-off versus Joe Snively in Hartford Wolf Pack zone.
10:26 of 1st period - Snap shot by Jake Leschyshyn.
10:26 of 1st period - Deflect By Nicolas Aube-Kubel.
10:26 of 1st period - Stopped by Hunter Shepard without a rebound.
10:27 of 1st period - Jake Leschyshyn wins face-off versus Ethen Frank in Hershey Bears zone.
10:48 of 1st period - Minor Penalty to CJ Suess for Interference.
10:49 of 1st period - Connor McMichael wins face-off versus Turner Elson in Hershey Bears zone.
10:49 of 1st period - Connor McMichael is hit by Mac Hollowell.
11:19 of 1st period - Anton Blidh is hit by Dylan McIlrath and loses puck.
11:43 of 1st period - Icing by Bobby Trivigno.
11:44 of 1st period - Turner Elson wins face-off versus Michael Sgarbossa in Hartford Wolf Pack zone.
12:00 of 1st period - Snap shot by Anton Blidh.
12:00 of 1st period - Shot Misses the Net.
12:04 of 1st period - Snap shot by Riley Nash.
12:04 of 1st period - Stopped by Hunter Shepard with a rebound.
12:06 of 1st period - Snap shot by Riley Nash.
12:06 of 1st period - Shot Blocked by Michael Sgarbossa.
12:40 of 1st period - Riley Nash is hit by Adam Cracknell and loses puck.
12:47 of 1st period - Henrik Borgstrom is hit by Connor Mackey and loses puck.
12:48 of 1st period - Penalty to CJ Suess is over, CJ Suess is back on ice.
13:02 of 1st period - Kristians Rubins is hit by Will Cuylle and loses puck.
13:34 of 1st period - Wrist shot by Nicolas Aube-Kubel.
13:34 of 1st period - Shot Misses the Net.
13:54 of 1st period - Snap shot by Henrik Borgstrom.
13:54 of 1st period - Stopped by Louis Domingue with a rebound.
14:07 of 1st period - Minor Penalty to Evan Polei for Slashing.
14:08 of 1st period - Connor McMichael wins face-off versus Turner Elson in Hershey Bears zone.
14:44 of 1st period - Ryan Jones is hit by Dylan McIlrath and loses puck.
14:55 of 1st period - Connor McMichael is hit by Lauri Pajuniemi and loses puck.
15:18 of 1st period - Snap shot by Connor McMichael.
15:18 of 1st period - Shot Misses the Net.
16:07 of 1st period - Penalty to Evan Polei is over, Evan Polei is back on ice.
16:12 of 1st period - Slapshot by Will Cuylle.
16:12 of 1st period - Shot Blocked by Vincent Iorio.
16:14 of 1st period - Slapshot by Braden Schneider.
16:14 of 1st period - Shot Misses the Net.
17:06 of 1st period - Henrik Borgstrom is hit by Nikolas Brouillard and loses puck.
17:17 of 1st period - Turner Elson is hit by Kristians Rubins and loses puck.
17:42 of 1st period - Slapshot by Pierrick Dube.
17:42 of 1st period - Deflect By Michael Sgarbossa.
17:42 of 1st period - Shot Misses the Net.
17:42 of 1st period - Puck is out of play.
17:43 of 1st period - Michael Sgarbossa wins face-off versus Matt Rempe in Hartford Wolf Pack zone.
17:50 of 1st period - Michael Sgarbossa is hit by Adam Edstrom and loses puck.
18:41 of 1st period - Bobby Trivigno is hit by Henrik Borgstrom and loses puck.
19:00 of 1st period - Matthew Phillips is hit by Will Cuylle and loses puck.
19:08 of 1st period - Icing by Chase Priskie.
19:09 of 1st period - Karl Henriksson wins face-off versus Nicolas Aube-Kubel in Hershey Bears zone.
19:23 of 1st period - Snap shot by Nicolas Aube-Kubel.
19:23 of 1st period - Stopped by Louis Domingue with a rebound.
19:31 of 1st period - Connor McMichael is hit by Adam Edstrom and loses puck.
19:36 of 1st period - Slapshot by Nikolas Brouillard.
19:36 of 1st period - Stopped by Hunter Shepard without a rebound.
19:37 of 1st period - Joe Snively wins face-off versus Riley Nash in Hershey Bears zone.
19:37 of 1st period - Joe Snively is hit by Connor Mackey.
19:52 of 1st period - Minor Penalty to Dylan McIlrath for Hooking.
19:53 of 1st period - Connor McMichael wins face-off versus Turner Elson in Hershey Bears zone.
Goals for this period are 1 for Hershey Bears vs 1 for Hartford Wolf Pack.
Shots for this period are 5 for Hershey Bears vs 5 for Hartford Wolf Pack.

2nd period


0:01 of 2nd period - Turner Elson wins face-off versus Connor McMichael in neutral zone.
0:08 of 2nd period - Snap shot by Jake Leschyshyn.
0:08 of 2nd period - Deflect By Lauri Pajuniemi.
0:08 of 2nd period - Shot Misses the Net.
0:08 of 2nd period - Puck is out of play.
0:09 of 2nd period - Turner Elson wins face-off versus Connor McMichael in Hershey Bears zone.
0:22 of 2nd period - Wrist shot by Jake Leschyshyn.
0:22 of 2nd period - Shot Misses the Net.
0:24 of 2nd period - Wrist shot by Jake Leschyshyn.
0:24 of 2nd period - Deflect By Lauri Pajuniemi.
0:24 of 2nd period - Stopped by Hunter Shepard with a rebound.
0:26 of 2nd period - Wrist shot by Turner Elson.
0:26 of 2nd period - Shot Misses the Net.
0:28 of 2nd period - Wrist shot by Turner Elson.
0:28 of 2nd period - Shot Misses the Net.
0:30 of 2nd period - Wrist shot by Lauri Pajuniemi.
0:30 of 2nd period - Goal by Lauri Pajuniemi - Hershey Bears : 1 - Hartford Wolf Pack : 2.
0:31 of 2nd period - Jake Leschyshyn wins face-off versus Connor McMichael in neutral zone.
0:40 of 2nd period - Wrist shot by Riley Nash.
0:40 of 2nd period - Stopped by Hunter Shepard with a rebound.
0:42 of 2nd period - Wrist shot by Riley Nash.
0:42 of 2nd period - Stopped by Hunter Shepard with a rebound.
0:44 of 2nd period - Slapshot by Mac Hollowell.
0:44 of 2nd period - Stopped by Hunter Shepard without a rebound.
0:45 of 2nd period - Jake Leschyshyn wins face-off versus CJ Suess in Hershey Bears zone.
1:11 of 2nd period - Mac Hollowell is hit by Dylan McIlrath and loses puck.
1:18 of 2nd period - Slapshot by Connor Mackey.
1:18 of 2nd period - Shot Misses the Net.
1:33 of 2nd period - Off-side.
1:34 of 2nd period - Joe Snively wins face-off versus Karl Henriksson in neutral zone.
1:50 of 2nd period - Off-side.
1:51 of 2nd period - CJ Suess wins face-off versus Riley Nash in neutral zone.
2:10 of 2nd period - Will Cuylle is hit by CJ Suess and loses puck.
2:24 of 2nd period - Wrist shot by Bobby Trivigno.
2:24 of 2nd period - Shot Blocked by Matthew Phillips.
2:26 of 2nd period - Snap shot by Matt Rempe.
2:26 of 2nd period - Stopped by Hunter Shepard with a rebound.
2:28 of 2nd period - Slapshot by Connor Mackey.
2:28 of 2nd period - Shot Misses the Net.
3:11 of 2nd period - Wrist shot by Pierrick Dube.
3:11 of 2nd period - Shot Blocked by Ryan Jones.
3:37 of 2nd period - Henrik Borgstrom is hit by Will Cuylle and loses puck.
3:52 of 2nd period - Turner Elson is hit by Adam Cracknell and loses puck.
3:59 of 2nd period - Snap shot by Joe Snively.
3:59 of 2nd period - Goal by Joe Snively - Hershey Bears : 2 - Hartford Wolf Pack : 2.
4:00 of 2nd period - Jake Leschyshyn wins face-off versus Connor McMichael in neutral zone.
4:03 of 2nd period - Connor McMichael is hit by Connor Mackey and loses puck.
4:14 of 2nd period - Snap shot by Jake Leschyshyn.
4:14 of 2nd period - Stopped by Hunter Shepard with a rebound.
4:16 of 2nd period - Minor Penalty to Dylan McIlrath for Delaying the game.
4:17 of 2nd period - Connor McMichael wins face-off versus Turner Elson in Hershey Bears zone.
4:17 of 2nd period - Connor McMichael is hit by Jake Leschyshyn.
4:45 of 2nd period - Wrist shot by Adam Cracknell.
4:45 of 2nd period - Stopped by Louis Domingue with a rebound.
5:09 of 2nd period - Slapshot by Mac Hollowell.
5:09 of 2nd period - Shot Blocked by Connor McMichael.
5:11 of 2nd period - Wrist shot by Turner Elson.
5:11 of 2nd period - Goal by Turner Elson - Hershey Bears : 2 - Hartford Wolf Pack : 3.
5:12 of 2nd period - Joe Snively wins face-off versus Bobby Trivigno in neutral zone.
5:44 of 2nd period - Backhand shot by Henrik Borgstrom.
5:44 of 2nd period - Stopped by Louis Domingue without a rebound.
5:45 of 2nd period - Henrik Borgstrom wins face-off versus Jake Leschyshyn in Hartford Wolf Pack zone.
5:46 of 2nd period - Snap shot by CJ Suess.
5:46 of 2nd period - Stopped by Louis Domingue with a rebound.
5:48 of 2nd period - Slapshot by Vincent Iorio.
5:48 of 2nd period - Shot Blocked by Connor Mackey.
6:15 of 2nd period - Snap shot by Bobby Trivigno.
6:15 of 2nd period - Shot Misses the Net.
6:17 of 2nd period - Snap shot by Matt Rempe.
6:17 of 2nd period - Stopped by Hunter Shepard with a rebound.
6:23 of 2nd period - Minor Penalty to Nicolas Aube-Kubel for Hooking.
6:24 of 2nd period - Connor McMichael wins face-off versus Jake Leschyshyn in Hershey Bears zone.
6:24 of 2nd period - Connor McMichael is hit by Lauri Pajuniemi.
6:36 of 2nd period - Wrist shot by Connor McMichael.
6:36 of 2nd period - Shot Blocked by Turner Elson.
6:52 of 2nd period - Slapshot by Mac Hollowell.
6:52 of 2nd period - Shot Blocked by Connor McMichael.
6:54 of 2nd period - Slapshot by Riley Nash.
6:54 of 2nd period - Hartford Wolf Pack goal is going for a video replay.
6:54 of 2nd period - The goal is good.
6:54 of 2nd period - Goal by Riley Nash - Hershey Bears : 2 - Hartford Wolf Pack : 4.
6:54 of 2nd period - Jon Gillies enters game.
6:55 of 2nd period - Jake Leschyshyn wins face-off versus Joe Snively in neutral zone.
7:04 of 2nd period - Snap shot by Matthew Phillips.
7:04 of 2nd period - Shot Misses the Net.
7:29 of 2nd period - Wrist shot by Anton Blidh.
7:29 of 2nd period - Stopped by Jon Gillies with a rebound.
7:40 of 2nd period - Slapshot by Dylan McIlrath.
7:40 of 2nd period - Stopped by Louis Domingue without a rebound.
7:41 of 2nd period - Connor McMichael wins face-off versus Karl Henriksson in Hartford Wolf Pack zone.
7:44 of 2nd period - Snap shot by Nicolas Aube-Kubel.
7:44 of 2nd period - Stopped by Louis Domingue without a rebound.
7:45 of 2nd period - Connor McMichael wins face-off versus Jake Leschyshyn in Hartford Wolf Pack zone.
7:58 of 2nd period - Snap shot by Riley Nash.
7:58 of 2nd period - Stopped by Jon Gillies with a rebound.
8:00 of 2nd period - Snap shot by Riley Nash.
8:00 of 2nd period - Stopped by Jon Gillies with a rebound.
8:40 of 2nd period - Snap shot by Michael Sgarbossa.
8:40 of 2nd period - Stopped by Louis Domingue without a rebound.
8:41 of 2nd period - Michael Sgarbossa wins face-off versus Jake Leschyshyn in Hartford Wolf Pack zone.
8:42 of 2nd period - Snap shot by Vincent Iorio.
8:42 of 2nd period - Stopped by Louis Domingue with a rebound.
8:46 of 2nd period - Snap shot by Vincent Iorio.
8:46 of 2nd period - Shot Blocked by Will Cuylle.
8:48 of 2nd period - Snap shot by Michael Sgarbossa.
8:48 of 2nd period - Shot Misses the Net.
8:50 of 2nd period - Slapshot by Dylan McIlrath.
8:50 of 2nd period - Shot Misses the Net.
8:52 of 2nd period - Slapshot by Dylan McIlrath.
8:52 of 2nd period - Deflect By Michael Sgarbossa.
8:52 of 2nd period - Shot Blocked by Braden Schneider.
8:52 of 2nd period - Puck is out of play.
8:53 of 2nd period - Jake Leschyshyn wins face-off versus CJ Suess in Hartford Wolf Pack zone.
8:55 of 2nd period - Minor Penalty to Will Cuylle for Holding.
8:56 of 2nd period - Joe Snively wins face-off versus Jake Leschyshyn in Hartford Wolf Pack zone.
8:58 of 2nd period - Wrist shot by Joe Snively.
8:58 of 2nd period - Stopped by Louis Domingue with a rebound.
9:59 of 2nd period - Snap shot by Matthew Phillips.
9:59 of 2nd period - Shot Misses the Net.
10:14 of 2nd period - Icing by Matthew Phillips.
10:15 of 2nd period - Joe Snively wins face-off versus Jake Leschyshyn in Hershey Bears zone.
10:42 of 2nd period - Vincent Iorio is hit by Jake Leschyshyn and loses puck.
10:55 of 2nd period - Penalty to Will Cuylle is over, Will Cuylle is back on ice.
11:04 of 2nd period - Wrist shot by Connor McMichael.
11:04 of 2nd period - Shot Blocked by Anton Blidh.
11:14 of 2nd period - Snap shot by Pierrick Dube.
11:14 of 2nd period - Shot Misses the Net.
11:16 of 2nd period - Snap shot by Michael Sgarbossa.
11:16 of 2nd period - Stopped by Louis Domingue without a rebound.
11:17 of 2nd period - Michael Sgarbossa wins face-off versus Bobby Trivigno in Hartford Wolf Pack zone.
11:34 of 2nd period - Michael Sgarbossa is hit by Jake Leschyshyn and loses puck.
11:56 of 2nd period - Slapshot by Michael Sgarbossa.
11:56 of 2nd period - Stopped by Louis Domingue with a rebound.
11:59 of 2nd period - Icing by Nikolas Brouillard.
12:00 of 2nd period - Henrik Borgstrom wins face-off versus Jake Leschyshyn in Hartford Wolf Pack zone.
12:01 of 2nd period - Wrist shot by Ethen Frank.
12:01 of 2nd period - Stopped by Louis Domingue with a rebound.
12:03 of 2nd period - Snap shot by Ivan Chukarov.
12:03 of 2nd period - Deflect By Henrik Borgstrom.
12:03 of 2nd period - Shot Blocked by Nikolas Brouillard.
12:03 of 2nd period - Puck is out of play.
12:04 of 2nd period - Henrik Borgstrom wins face-off versus Bobby Trivigno in Hartford Wolf Pack zone.
12:07 of 2nd period - Snap shot by Ethen Frank.
12:07 of 2nd period - Stopped by Louis Domingue without a rebound.
12:08 of 2nd period - Henrik Borgstrom wins face-off versus Bobby Trivigno in Hartford Wolf Pack zone.
12:57 of 2nd period - Snap shot by Lauri Pajuniemi.
12:57 of 2nd period - Stopped by Jon Gillies with a rebound.
12:59 of 2nd period - Slapshot by Karl Henriksson.
12:59 of 2nd period - Shot Blocked by Matthew Phillips.
13:01 of 2nd period - Snap shot by Turner Elson.
13:01 of 2nd period - Goal by Turner Elson - Hershey Bears : 2 - Hartford Wolf Pack : 5.
13:02 of 2nd period - Jake Leschyshyn wins face-off versus Henrik Borgstrom in neutral zone.
14:46 of 2nd period - Ryan Jones is hit by Alex Limoges and loses puck.
15:15 of 2nd period - Snap shot by Matthew Phillips.
15:15 of 2nd period - Goal by Matthew Phillips - Hershey Bears : 3 - Hartford Wolf Pack : 5.
15:16 of 2nd period - Jake Leschyshyn wins face-off versus Henrik Borgstrom in neutral zone.
15:41 of 2nd period - Matt Rempe is hit by Adam Cracknell and loses puck.
15:49 of 2nd period - Braden Schneider is hit by Adam Cracknell and loses puck.
16:08 of 2nd period - Nicolas Aube-Kubel is hit by Braden Schneider and loses puck.
16:23 of 2nd period - Slapshot by Mac Hollowell.
16:23 of 2nd period - Shot Misses the Net.
16:39 of 2nd period - Ivan Chukarov is hit by Anton Blidh and loses puck.
16:54 of 2nd period - Slapshot by CJ Suess.
16:54 of 2nd period - Shot Blocked by Riley Nash.
16:56 of 2nd period - Slapshot by Ivan Chukarov.
16:56 of 2nd period - Deflect By CJ Suess.
16:56 of 2nd period - Shot Misses the Net.
16:56 of 2nd period - Puck is out of play.
16:57 of 2nd period - Jake Leschyshyn wins face-off versus Henrik Borgstrom in Hartford Wolf Pack zone.
17:20 of 2nd period - Wrist shot by Ethen Frank.
17:20 of 2nd period - Stopped by Louis Domingue without a rebound.
17:21 of 2nd period - Bobby Trivigno wins face-off versus Adam Cracknell in Hartford Wolf Pack zone.
18:01 of 2nd period - Icing by Vincent Iorio.
18:02 of 2nd period - Karl Henriksson wins face-off versus Matthew Phillips in Hershey Bears zone.
18:46 of 2nd period - Icing by Connor Mackey.
18:47 of 2nd period - Connor McMichael wins face-off versus Karl Henriksson in Hartford Wolf Pack zone.
18:48 of 2nd period - Snap shot by Nicolas Aube-Kubel.
18:48 of 2nd period - Shot Misses the Net.
19:52 of 2nd period - Dylan McIlrath is hit by Mac Hollowell and loses puck.
Goals for this period are 2 for Hershey Bears vs 4 for Hartford Wolf Pack.
Shots for this period are 15 for Hershey Bears vs 15 for Hartford Wolf Pack.

3rd period


0:01 of 3rd period - Connor McMichael wins face-off versus Jake Leschyshyn in neutral zone.
0:11 of 3rd period - Slapshot by Vincent Iorio.
0:11 of 3rd period - Deflect By Riley Nash.
0:11 of 3rd period - Stopped by Louis Domingue without a rebound.
0:12 of 3rd period - Jake Leschyshyn wins face-off versus Henrik Borgstrom in Hartford Wolf Pack zone.
0:23 of 3rd period - Slapshot by Jake Leschyshyn.
0:23 of 3rd period - Shot Blocked by Ethen Frank.
0:25 of 3rd period - Snap shot by Will Cuylle.
0:25 of 3rd period - Shot Blocked by Henrik Borgstrom.
0:27 of 3rd period - Slapshot by Mac Hollowell.
0:27 of 3rd period - Shot Blocked by Vincent Iorio.
0:44 of 3rd period - Wrist shot by CJ Suess.
0:44 of 3rd period - Stopped by Louis Domingue without a rebound.
0:45 of 3rd period - Jake Leschyshyn wins face-off versus Connor McMichael in Hartford Wolf Pack zone.
0:45 of 3rd period - Jake Leschyshyn is hit by Nicolas Aube-Kubel.
0:51 of 3rd period - Will Cuylle is hit by Connor McMichael and loses puck.
1:12 of 3rd period - Ivan Chukarov is hit by Anton Blidh and loses puck.
1:23 of 3rd period - Snap shot by Anton Blidh.
1:23 of 3rd period - Shot Misses the Net.
1:37 of 3rd period - Wrist shot by Nikolas Brouillard.
1:37 of 3rd period - Shot Blocked by Joe Snively.
1:39 of 3rd period - Wrist shot by Turner Elson.
1:39 of 3rd period - Stopped by Jon Gillies without a rebound.
1:40 of 3rd period - Connor McMichael wins face-off versus Lauri Pajuniemi in Hershey Bears zone.
1:51 of 3rd period - Wrist shot by Connor McMichael.
1:51 of 3rd period - Shot Misses the Net.
1:53 of 3rd period - Wrist shot by Alex Limoges.
1:53 of 3rd period - Shot Blocked by Lauri Pajuniemi.
2:07 of 3rd period - Slapshot by Pierrick Dube.
2:07 of 3rd period - Stopped by Louis Domingue with a rebound.
2:09 of 3rd period - Wrist shot by Michael Sgarbossa.
2:09 of 3rd period - Deflect By Evan Polei.
2:09 of 3rd period - Shot Blocked by Karl Henriksson.
2:09 of 3rd period - Puck is out of play.
2:10 of 3rd period - Jake Leschyshyn wins face-off versus Michael Sgarbossa in Hartford Wolf Pack zone.
2:17 of 3rd period - Snap shot by Pierrick Dube.
2:17 of 3rd period - Shot Misses the Net.
2:19 of 3rd period - Wrist shot by Pierrick Dube.
2:19 of 3rd period - Shot Misses the Net.
2:42 of 3rd period - Wrist shot by Ethen Frank.
2:42 of 3rd period - Shot Blocked by Mac Hollowell.
2:44 of 3rd period - Slapshot by Dylan McIlrath.
2:44 of 3rd period - Shot Misses the Net.
3:45 of 3rd period - Matt Rempe is hit by Evan Polei.
3:55 of 3rd period - Michael Sgarbossa is hit by Will Cuylle and loses puck.
4:10 of 3rd period - Michael Sgarbossa is hit by Turner Elson and loses puck.
4:44 of 3rd period - Backhand shot by Connor McMichael.
4:44 of 3rd period - Shot Blocked by Riley Nash.
4:46 of 3rd period - Slapshot by Chase Priskie.
4:46 of 3rd period - Stopped by Louis Domingue without a rebound.
4:47 of 3rd period - Connor McMichael wins face-off versus Jake Leschyshyn in Hartford Wolf Pack zone.
4:52 of 3rd period - Connor McMichael is hit by Riley Nash and loses puck.
5:02 of 3rd period - Wrist shot by Nicolas Aube-Kubel.
5:02 of 3rd period - Stopped by Louis Domingue without a rebound.
5:03 of 3rd period - Matt Rempe wins face-off versus Henrik Borgstrom in Hartford Wolf Pack zone.
5:03 of 3rd period - Matt Rempe is hit by Henrik Borgstrom.
5:39 of 3rd period - Slapshot by Ethen Frank.
5:39 of 3rd period - Stopped by Louis Domingue without a rebound.
5:40 of 3rd period - Jake Leschyshyn wins face-off versus Alex Limoges in Hartford Wolf Pack zone.
5:54 of 3rd period - Off-side.
5:55 of 3rd period - Joe Snively wins face-off versus Jake Leschyshyn in neutral zone.
6:04 of 3rd period - Slapshot by Matthew Phillips.
6:04 of 3rd period - Shot Blocked by Jake Leschyshyn.
6:11 of 3rd period - Off-side.
6:12 of 3rd period - Bobby Trivigno wins face-off versus Connor McMichael in neutral zone.
7:12 of 3rd period - Adam Cracknell is hit by Jake Leschyshyn and loses puck.
7:46 of 3rd period - Daniil Zhuravlyov is hit by Anton Blidh and loses puck.
8:11 of 3rd period - Slapshot by Mac Hollowell.
8:11 of 3rd period - Stopped by Jon Gillies with a rebound.
8:23 of 3rd period - Ethen Frank is hit by Matt Rempe and loses puck.
9:27 of 3rd period - Mac Hollowell is hit by Kristians Rubins and loses puck.
9:35 of 3rd period - Icing by Mac Hollowell.
9:36 of 3rd period - Michael Sgarbossa wins face-off versus Bobby Trivigno in Hartford Wolf Pack zone.
9:52 of 3rd period - Wrist shot by Anton Blidh.
9:52 of 3rd period - Stopped by Jon Gillies without a rebound.
9:53 of 3rd period - Jake Leschyshyn wins face-off versus Ethen Frank in Hershey Bears zone.
10:04 of 3rd period - Dylan McIlrath is hit by Riley Nash and loses puck.
10:13 of 3rd period - Ivan Chukarov is hit by Jake Leschyshyn.
10:23 of 3rd period - Ethen Frank is hit by Mac Hollowell and loses puck.
10:28 of 3rd period - Slapshot by Mac Hollowell.
10:28 of 3rd period - Stopped by Jon Gillies with a rebound.
10:30 of 3rd period - Snap shot by Mac Hollowell.
10:30 of 3rd period - Shot Misses the Net.
10:32 of 3rd period - Snap shot by Ryan Jones.
10:32 of 3rd period - Deflect By Turner Elson.
10:32 of 3rd period - Stopped by Jon Gillies with a rebound.
10:48 of 3rd period - Wrist shot by Matthew Phillips.
10:48 of 3rd period - Stopped by Louis Domingue with a rebound.
10:50 of 3rd period - Slapshot by Ivan Chukarov.
10:50 of 3rd period - Stopped by Louis Domingue with a rebound.
10:52 of 3rd period - Snap shot by Ivan Chukarov.
10:52 of 3rd period - Deflect By Adam Cracknell.
10:52 of 3rd period - Goal by Adam Cracknell - Hershey Bears : 4 - Hartford Wolf Pack : 5.
10:53 of 3rd period - Nicolas Aube-Kubel wins face-off versus Riley Nash in neutral zone.
11:25 of 3rd period - Slapshot by Joe Snively.
11:25 of 3rd period - Shot Misses the Net.
11:27 of 3rd period - Wrist shot by Joe Snively.
11:27 of 3rd period - Shot Hit the Post.
11:29 of 3rd period - Snap shot by Dylan McIlrath.
11:29 of 3rd period - Shot Hit the Post.
11:31 of 3rd period - Slapshot by Joe Snively.
11:31 of 3rd period - Stopped by Louis Domingue with a rebound.
11:33 of 3rd period - Snap shot by Matthew Phillips.
11:33 of 3rd period - Stopped by Louis Domingue with a rebound.
12:02 of 3rd period - Minor Penalty to CJ Suess for Tripping.
12:03 of 3rd period - Connor McMichael wins face-off versus Turner Elson in Hershey Bears zone.
12:42 of 3rd period - Icing by Mac Hollowell.
12:43 of 3rd period - Bobby Trivigno wins face-off versus Connor McMichael in Hartford Wolf Pack zone.
14:02 of 3rd period - Penalty to CJ Suess is over, CJ Suess is back on ice.
15:55 of 3rd period - CJ Suess is hit by Turner Elson and loses puck.
16:32 of 3rd period - Dylan McIlrath is hit by Ryan Jones and loses puck.
18:58 of 3rd period - Turner Elson is hit by Dylan McIlrath and loses puck.
19:09 of 3rd period - Hershey Bears, Jon Gillies is pulled from the net.
19:21 of 3rd period - Wrist shot by Riley Nash.
19:21 of 3rd period - Deflect By Turner Elson.
19:21 of 3rd period - Shot Misses the Net.
19:21 of 3rd period - Puck is out of play.
19:22 of 3rd period - Spencer Carbery call a timeout for Hershey Bears.
19:22 of 3rd period - Jon Gillies from Hershey Bears was sent back in the game.
19:22 of 3rd period - Joe Snively wins face-off versus Jake Leschyshyn in Hershey Bears zone.
19:29 of 3rd period - Hershey Bears, Jon Gillies is pulled from the net.
19:29 of 3rd period - Snap shot by Joe Snively.
19:29 of 3rd period - Stopped by Louis Domingue without a rebound.
19:30 of 3rd period - Joe Snively wins face-off versus Jake Leschyshyn in Hartford Wolf Pack zone.
19:37 of 3rd period - Slapshot by Joe Snively.
19:37 of 3rd period - Stopped by Louis Domingue with a rebound.
Goals for this period are 1 for Hershey Bears vs 0 for Hartford Wolf Pack.
Shots for this period are 13 for Hershey Bears vs 5 for Hartford Wolf Pack.